 Dungeon Sprint DCSS version 0.22-a0-354-g30dfbe6 (webtiles) character file.

2594 Kikal the Grappler (level 9, -58/116 HPs)
             Began as an Ogre Transmuter on Apr 16, 2018.
             Was a High Priest of Cheibriados.
             Killed from afar by an orc (61 damage)
             ... with an exploding inner flame
             ... hexed by the player character
             ... in the Dungeon (Sprint III: "The Ten Rune Challenge").
             The game lasted 00:12:25 (2104 turns).

Kikal the Grappler (Ogre Transmuter)                Turns: 2104, Time: 00:12:26

Health: -58/116    AC:  7    Str: 28    XL:     9   Next: 58%
Magic:  10/20      EV: 15    Int: 29    God:    Cheibriados [*****.]
Gold:   25         SH:  0    Dex: 21    Spells: 9/22 levels left

rFire    x . .     SeeInvis .     - Unarmed
rCold    + + +     Gourm    .   (shield currently unavailable)
rNeg     . . .     Faith    .   (armour currently unavailable)
rPois    +         Spirit   .   (helmet currently unavailable)
rElec    .         Reflect  .   (cloak currently unavailable)
rCorr    .         Harm     .   (gloves unavailable)
MR       .....     NoTele   +   (boots unavailable)
Stlth    +++.......             (no amulet)
HPRegen  0.29/turn              (no ring)
MPRegen  0.17/turn              (no ring)

@: ice-form, very slow
A: large, unfitting armour
a: End Transformation, Bend Time, Temporal Distortion, Slouch, Step From Time,
Renounce Religion


You were in the Dungeon.
You worshipped Cheibriados.
Cheibriados was extremely pleased with you.
You were hungry.
You were a creature of crystalline ice.
You visited 1 branch You collected 25 gold pieces.

Inventory:

Missiles
 a - 2 arrows
Armour
 b - a +0 robe (melded)
 c - a +0 cloak (melded)
Wands
 l - a wand of polymorph (7)
 s - a wand of iceblast (3)
Scrolls
 n - a scroll of immolation
 o - 3 scrolls of identify
 p - 3 scrolls of remove curse
Potions
 e - a potion of curing
 g - a potion of haste
 h - 2 potions of magic
 i - a potion of berserk rage
 k - 5 potions of mutation {unknown}
 m - a potion of lignification {unknown}
 q - 3 potions of flight
Comestibles
 d - 4 rations


   Skills:
 - Level 8.9 Fighting
 + Level 6.5 Dodging
 - Level 2.7 Stealth
 * Level 10.3 Unarmed Combat
 + Level 7.4 Spellcasting
 - Level 2.2 Hexes
 + Level 3.7 Translocations
 - Level 7.4 Transmutations
 - Level 7.0 Ice Magic
 - Level 3.9 Poison Magic
 * Level 6.7 Invocations


You had 9 spell levels left.
You knew the following spells:

 Your Spells              Type           Power        Failure   Level  Hunger
a - Beastly Appendage     Tmut           ######       1%          1    None
b - Sticks to Snakes      Tmut           ######..     1%          2    None
c - Spider Form           Tmut/Pois      #####.....   1%          3    None
d - Ice Form              Ice/Tmut       ######..     2%          4    ##.....
e - Confusing Touch       Hex            ###...       1%          1    None
f - Blink                 Tloc           N/A          1%          2    None


Dungeon Overview and Level Annotations

Branches:
Dungeon (1/1)

Altars:
Cheibriados
Dithmenos
Elyvilon
Fedhas
Gozag
Hepliaklqana
Kikubaaqudgha
Makhleb
Nemelex Xobeh
Okawaru
Qazlal
Ru
Sif Muna
Trog
Uskayaw
Vehumet
Wu Jian
Xom
Yredelemnul
Zin
The Shining One
Beogh
Jiyva
Lugonu


Innate Abilities, Weirdness & Mutations

You are too large for most types of armour.
((You have tough skin. (AC +1)))


Message History

Cheibriados thoroughly appreciates the change of pace.
You can now inflict damage on those overly hasty.
Cheibriados raises the support of your attributes as your movement slows.
Cheibriados appreciates the change of pace.
Cheibriados raises the support of your attributes as your movement slows.
Your Invocations skill increases to level 5!
Cheibriados appreciates the change of pace. x2
Your Dodging skill increases to level 6!
Cheibriados thoroughly appreciates the change of pace.
You can now step out of the time flow.
Cheibriados raises the support of your attributes as your movement slows.
Your Unarmed Combat skill increases to level 10!
Your Spellcasting skill increases to level 7!
Your Translocations skill increases to level 3!
Your Invocations skill increases to level 6!
Cheibriados thoroughly appreciates the change of pace.
Cheibriados raises the support of your attributes as your movement slows.
The fiery explosion engulfs you! The fire burns you terribly!
Ouch! That really hurt!
You die...

▓▓▓ ▓▓▓
♣.############o####
♣.#___#___#__#Y§§§#
♣.#)..#__.#._#§§§§§.%.
♣♣♣.###'#'###)##§§§§§§..
.♣..#..........#§§§§§%..
.♣♣.'.⌠.)......#§#§#§§##
≈♣♣.#...######)#%####%.%
....#.⌠.#__#...#'#######
....#...#v_#...#....#.#
....#)###__#...##.#..#


You could see an orc warrior (inner flame).

Vanquished Creatures
  2 orc knights (D)
  A deep elf mage (D)
  A shadow (D)
  4 orc warriors (D)
  A necrophage (D)
  3 two-headed ogres (D)
  A water elemental (D)
  3 orc priests (D)
  A jelly (D)
  An orc wizard (D)
  Crazy Yiuf (D)
  Jessica (D)
  A wizard (D)
  A necromancer (D)
  2 humans (D)
  A kobold demonologist (D)
  An ooze (D)
  6 orcs (D)
  2 rats (D)
34 creatures vanquished.

Vanquished Creatures (collateral kills)
  A human (D)
1 creature vanquished.

Vanquished Creatures (others)
  2 draconian scorchers (D)
  6 hellions (D)
  3 yaktaurs (D)
11 creatures vanquished.

Grand Total: 46 creatures vanquished

Notes
Turn   | Place    | Note
-------+----------+-------------------------------------------
     0 | D        | Kikal the Ogre Transmuter began the quest for the Orb.
     0 | D        | Reached XP level 1. HP: 19/19 MP: 3/3
     7 | D        | Reached skill level 3 in Unarmed Combat
    78 | D        | Killed a hellion
    87 | D        | Noticed Jessica
   101 | D        | Killed a hellion
   103 | D        | Killed a hellion
   103 | D        | Killed a hellion
   111 | D        | Killed Jessica
   111 | D        | Reached skill level 4 in Unarmed Combat
   111 | D        | Reached XP level 2. HP: 16/32 MP: 4/6
   111 | D        | Reached XP level 3. HP: 19/39 MP: 4/7
   154 | D        | Killed a yaktaur
   206 | D        | Killed a white draconian scorcher
   215 | D        | Killed a hellion
   222 | D        | Killed a hellion
   229 | D        | Learned a level 2 spell: Sticks to Snakes
   233 | D        | Learned a level 3 spell: Spider Form
   251 | D        | Killed a white draconian scorcher
   329 | D        | Reached skill level 1 in Poison Magic
   349 | D        | Killed a yaktaur
   404 | D        | Noticed Crazy Yiuf
   417 | D        | Killed Crazy Yiuf
   417 | D        | Reached skill level 5 in Unarmed Combat
   417 | D        | Reached XP level 4. HP: 11/48 MP: 0/8
   695 | D        | Noticed a water elemental
   705 | D        | Killed a water elemental
   705 | D        | Reached skill level 5 in Transmutations
   705 | D        | Reached XP level 5. HP: 31/54 MP: 6/12
   707 | D        | Killed a yaktaur
   836 | D        | Learned a level 4 spell: Ice Form
   842 | D        | Found a glowing silver altar of Zin.
   843 | D        | Found a glowing golden altar of the Shining One.
   843 | D        | Found a white marble altar of Elyvilon.
   843 | D        | Noticed a deep elf mage
   849 | D        | Killed a deep elf mage
   849 | D        | Reached skill level 7 in Unarmed Combat
   849 | D        | Reached XP level 6. HP: 28/72 MP: 8/13
   849 | D        | Reached XP level 7. HP: 31/80 MP: 8/14
  1025 | D        | Found a hide-covered altar of Uskayaw.
  1025 | D        | Found a roughly hewn altar of Beogh.
  1025 | D        | Found an iron altar of Okawaru.
  1025 | D        | Found a bloodstained altar of Trog.
  1025 | D        | Found an ornate altar of the Wu Jian Council.
  1025 | D        | Noticed a human
  1025 | D        | Noticed a human
  1057 | D        | Killed a human
  1073 | D        | Killed a human
  1073 | D        | Reached skill level 8 in Unarmed Combat
  1372 | D        | Found a radiant altar of Vehumet.
  1372 | D        | Found a deep blue altar of Sif Muna.
  1372 | D        | Found an ancient bone altar of Kikubaaqudgha.
  1375 | D        | Reached skill level 1 in Stealth
  1390 | D        | Learned a level 1 spell: Confusing Touch
  1399 | D        | Found a basalt altar of Yredelemnul.
  1399 | D        | Found a shadowy altar of Dithmenos.
  1399 | D        | Found a sacrificial altar of Ru.
  1411 | D        | Reached skill level 5 in Dodging
  1411 | D        | Reached XP level 8. HP: 88/88 MP: 15/15
  1424 | D        | Noticed a shadow
  1436 | D        | Killed a shadow
  1743 | D        | Found a blossoming altar of Fedhas.
  1743 | D        | Found a stormy altar of Qazlal.
  1743 | D        | Found a snail-covered altar of Cheibriados.
  1743 | D        | Found a burning altar of Makhleb.
  1743 | D        | Found a shimmering altar of Xom.
  1744 | D        | Found a hazy altar of Hepliaklqana.
  1744 | D        | Found an opulent altar of Gozag.
  1744 | D        | Found a sparkling altar of Nemelex Xobeh.
  1744 | D        | Found a corrupted altar of Lugonu.
  1744 | D        | Found a viscous altar of Jiyva.
  1748 | D        | Became a worshipper of Cheibriados the Contemplative
  1772 | D        | Reached skill level 5 in Spellcasting
  1791 | D        | Reached * piety under Cheibriados
  2055 | D        | Learned a level 2 spell: Blink
  2085 | D        | Noticed an orc knight
  2085 | D        | Reached skill level 1 in Invocations
  2087 | D        | Reached ** piety under Cheibriados
  2087 | D        | Reached skill level 1 in Translocations
  2100 | D        | Noticed an orc knight
  2104 | D        | HP: 3/109 [orc warrior/exploding inner flame[the player character] (18)]
  2104 | D        | Killed an orc knight
  2104 | D        | Reached skill level 9 in Unarmed Combat
  2104 | D        | Killed an orc knight
  2104 | D        | Reached XP level 9. HP: 3/97 MP: 10/18
  2104 | D        | Reached *** piety under Cheibriados
  2104 | D        | Reached **** piety under Cheibriados
  2104 | D        | Reached skill level 5 in Invocations
  2104 | D        | Reached ***** piety under Cheibriados
  2104 | D        | Reached skill level 10 in Unarmed Combat
  2104 | D        | Killed from afar by an orc

Vault maps used:
D:        dungeon_sprint_mu

Skill      XL: |  1  2  3  4  5  6  7  8  9 |
---------------+----------------------------+-----
Unarmed Combat | 4 5 7 8 9 10 | 10.3
Spellcasting   | 3 4 6 7 |  7.4
Transmutations | 3 4 5 6 7 |  7.4
Fighting       | 3 8 |  8.9
Poison Magic   | 2 3 |  3.9
Ice Magic      | 7 |  7.0
Dodging        | 5 6 |  6.5
Stealth        | 2 |  2.7
Hexes          | 2 |  2.2
Invocations    | 4 6 |  6.7
Translocations | 2 3 |  3.7

Action                   |  1- 3 |  4- 6 |  7- 9 || total
-------------------------+-------+-------+-------++-------
Melee: Unarmed           |    35 |    14 |    77 ||   126
       Kick              |     1 |       |       ||     1
       Headbutt          |     1 |       |       ||     1
 Cast: Beastly Appendage |     3 |       |       ||     3
       Spider Form       |     2 |     2 |     1 ||     5
       Sticks to Snakes  |       |     1 |     6 ||     7
       Ice Form          |       |       |     4 ||     4
       Blink             |       |       |     1 ||     1
Invok: Bend Time         |       |       |     1 ||     1
  Use: Scroll            |       |       |     3 ||     3
       Potion            |       |       |     2 ||     2
  Eat: Chunk             |       |       |     4 ||     4
Armor: Robe              |     2 |       |       ||     2
       Skin              |       |       |    12 ||    12
Dodge: Dodged            |    13 |     9 |    32 ||    54

Table legend:
 A = Spawn XP
 B = Non-spawn XP
 C = Spawn XP percentage of total XP
 D = Spawn monster count
 E = Non-spawn monster count
 F = Spawn count percentage of total count
 G = Total turns spent on level
                    A         B        C        D         E        F      G
               +---------+---------+-------+---------+---------+-------+---------
         Total |       0 |    3707 |   0.0 |       0 |      35 |   0.0 |  2104
               +---------+---------+-------+---------+---------+-------+---------
             D |       0 |    3707 |   0.0 |       0 |      35 |   0.0 |  2104
               +---------+---------+-------+---------+---------+-------+---------
